Map: [ESL] Data-C

Players

HateMe - Winner!

  • Race: Zerg Zerg
  • Spawn Location: 3:00

Spirit

  • Race: Terran Terran
  • Spawn Location: 9:00

Event: DreamHack SC2 Masters 2022 Atlanta (Online)

VOD

Have the link to the VOD?

Description

Time

  • Played on: Oct. 9, 2022, 11:55 a.m.
  • Length: 4:30

All games in this series

Show
View Real Time Build Order
Export as new Build Order

HateMe Zerg - Winner!

Build Orders: Hatch First, Roach Nydus 

Get SALT Encoding   

  12  0:00  Drone  
  13  0:12  Overlord  
  13  0:23  Drone  
  14  0:30  Drone x2  
  16  0:49  Hatchery  
  15  0:55  Extractor  
  14  1:05  Spawning Pool  
  14  1:08  Drone  
  14  1:12  Drone  
  14  1:16  Drone  
  16  1:23  Drone  
  17  1:31  Drone  
  18  1:41  Drone  
  19  1:56  Lair  
  19  1:57  Zergling x2  
  19  2:01  Queen  
  20  2:02  Zergling x2  
  20  2:05  Drone  
  24  2:12  Drone  
  24  2:13  Overlord  
  26  2:22  Drone  
  26  2:24  Drone, Extractor  
  26  2:36  Queen, Drone  
  27  2:43  Roach Warren  
  27  2:57  Nydus Network  
  26  3:06  Overlord  
  25  3:23  Roach x3  
  25  3:25  Roach x2  
  35  3:33  Nydus Canal  
  35  3:38  Roach  
  35  3:40  Zergling x2  
  38  3:42  Roach  
  38  3:45  Zergling x2  
  41  3:50  Roach  
  43  4:04  Overlord  
Show
View Real Time Build Order
Export as new Build Order

Spirit Terran 

Build Orders: Command Center First (CC) 

Get SALT Encoding   

  12  0:00  SCV  
  13  0:12  SCV  
  14  0:17  Supply Depot  
  14  0:24  SCV  
  15  0:39  SCV  
  16  0:51  SCV  
  17  0:59  Command Center  
  17  1:03  SCV  
  18  1:13  Barracks  
  18  1:15  SCV  
  19  1:21  Refinery  
  19  1:28  SCV  
  19  1:31  Refinery  
  20  1:40  SCV  
  21  1:52  SCV  
  22  2:02  Reaper  
  22  2:04  Orbital Command  
  23  2:12  Orbital Command  
  23  2:20  Factory  
  23  2:29  Supply Depot  
  23  2:31  SCV  
  23  2:34  Barracks Reactor  
  24  2:38  SCV  
  24  2:43  SCV  
  26  2:50  SCV  
  27  2:56  Command Center  
  27  3:00  SCV  
  28  3:07  SCV  
  28  3:12  SCV  
  28  3:14  Starport  
  28  3:19  SCV  
  30  3:20  Hellion  
  30  3:21  Hellion  
  30  3:22  Barracks Tech Lab  
  30  3:25  SCV  
  35  3:31  SCV  
  35  3:32  Supply Depot  
  37  3:42  Bunker  
  37  3:46  Hellion x2  
  37  3:47  Marauder  
  42  3:52  SCV  
  36  3:57  SCV  
  31  4:08  Marauder  
  29  4:13  SCV  
  29  4:16  SCV  
Tags
 
Add a new tag
Caveats
  • Supply blocks, unpowered buildings, or Contaminate may cause inaccurate times.
  • Supply counts are checked every 10 seconds.